 Dungeon Crawl Stone Soup version 0.23-a0-563-g409694ba0a (webtiles) character file.

5715 Flugkiller the Basher (level 10, -2/51 HPs)
             Began as a Vine Stalker Chaos Knight on Dec 13, 2018.
             Was a Plaything of Xom.
             Slain by a salamander
             ... wielding a +0 trident
              (3 damage)
             ... in a volcano.
             The game lasted 00:16:15 (7606 turns).

Flugkiller the Basher (Vine Stalker Chaos Knight)   Turns: 7606, Time: 00:16:15

Health: -2/51      AC: 11    Str: 17    XL:     10   Next: 76%
Magic:  0/11       EV: 12    Int: 12    God:    Xom [....*.]
Gold:   562        SH:  9    Dex: 15    Spells: 8/9 levels left

rFire    + . .     SeeInvis .   n - +3 mace (protect)
rCold    . . .     Gourm    .   q - +0 shield
rNeg     . . .     Faith    .   b - +2 leather armour
rPois    .         Spirit   +   (no helmet)
rElec    .         Reflect  .   p - +0 cloak
rCorr    .         Harm     .   h - +0 pair of gloves
MR       ++...                  (no boots)
Stlth    +.........             (no amulet)
HPRegen  0.57/turn              v - ring of protection from magic
MPRegen  0.12/turn              K - +4 ring of slaying

@: flying, hasted, very quick
A: fangs 3, talons 2, slimy green scales 1, yellow scales 1, fire resistance 1,
regeneration 1, magic shield, antimagic bite, no potion heal 3, rot immunity
a: Renounce Religion


You were in a volcano.
You worshipped Xom.
You were a beloved toy of Xom.
You were not hungry.

You visited 2 branches of the dungeon, and saw 10 of its levels.
You also visited: Volcano.

You collected 562 gold pieces.

Inventory:

Hand Weapons
 a - a +0 mace of chaos
 n - a +3 mace of protection (weapon)
   (You took it off an orc on level 3 of the Dungeon)
 s - a +2 eveningstar of flaming
   (You found it in a volcano)
 B - a cursed +5 flail
   (You took it off a wight on level 8 of the Dungeon)
Missiles
 z - a throwing net (quivered)
Armour
 b - a +2 leather armour (worn)
 h - a +0 pair of gloves (worn)
   (You found it on level 5 of the Dungeon)
 p - a +0 cloak (worn)
   (You found it on level 3 of the Dungeon)
 q - a +0 shield (worn)
   (You found it on level 3 of the Dungeon)
Jewellery
 d - an uncursed ring of magical power
   (You found it on level 1 of the Dungeon)
 v - a ring of protection from magic (left hand)
   (You found it on level 3 of the Dungeon)
 D - an uncursed ring of protection from magic
   (You found it on level 8 of the Dungeon)
 H - an uncursed ring of wizardry
   (You found it on level 7 of the Dungeon)
 K - a +4 ring of slaying (right hand)
   (You found it on level 8 of the Dungeon)
Wands
 i - a wand of digging (9)
   (You found it on level 5 of the Dungeon)
 C - a wand of iceblast (2)
   (You found it on level 6 of the Dungeon)
Scrolls
 j - 3 scrolls of remove curse
 m - a scroll of enchant weapon
 o - a scroll of teleportation
 x - a scroll of blinking {unknown}
 y - 2 scrolls of magic mapping
 A - 3 scrolls of fear {unknown}
 F - a scroll of noise {unknown}
 L - a scroll of amnesia {unknown}
Potions
 e - 3 potions of flight
 f - a potion of agility
 g - 6 potions of curing
 l - 2 potions of brilliance
 r - 2 potions of haste
 t - a potion of resistance
 u - 3 potions of might
 w - 2 potions of magic
 G - a potion of cancellation
 I - a potion of berserk rage
 M - a potion of invisibility
Miscellaneous
 k - a sack of spiders
Comestibles
 c - 19 rations


   Skills:
 - Level 5.0 Fighting
 + Level 11.9 Maces & Flails
 - Level 2.1 Armour
 - Level 5.0 Dodging
 - Level 4.0 Shields


You had 8 spell levels left.
You knew the following spells:

 Your Spells              Type           Power        Failure   Level  Hunger
a - Apportation           Tloc           #.....       86%         1    ##.....

Your spell library contained the following spells:

 Spells                   Type           Power        Failure   Level  Hunger
 Animate Skeleton         Necr           N/A          86%         1    ##.....
 Confusing Touch          Hex            #.....       86%         1    ##.....
 Summon Small Mammal      Summ           #...         86%         1    ##.....
 Confuse                  Hex            #.......     99%         3    ####...
 Gell's Gravitas          Tloc           #.........   99%         3    ####...
 Petrify                  Tmut/Erth      #.......     100%        4    #####..
 Metabolic Englaciation   Hex/Ice        #.........   100%        5    ######.
 Yara's Violent Unravell  Hex/Tmut       #.........   100%        5    ######.


Dungeon Overview and Level Annotations

Branches:
Dungeon (9/15)             Temple (0/1) D:4            Lair (1/6) D:8
    Orc: D:9-12

Altars:
Dithmenos
Elyvilon
Makhleb
Vehumet
Wu Jian
Xom
Zin

Shops:
D:5 [*   D:6 [

Annotations:
Lair:1 Sonja


Innate Abilities, Weirdness & Mutations

You have razor-sharp teeth.
Your natural rate of healing is unusually fast.
When hurt, damage is shared between your health and your magic reserves.
Your bite disrupts and absorbs the magic of your enemies.
Potions cannot restore your health.
You are immune to rotting.
You have razor-sharp toenails.
You are partially covered in slimy green scales. (AC +2)
You are partially covered in yellow scales. (AC +2)
Your flesh is heat resistant. (rF+)


Message History

The salamander mystic is severely wounded.
The salamander mystic hits you but does no damage.
You sock the salamander mystic! You claw the salamander mystic!
You kill the salamander mystic!
Unknown command.
Things that are here:
a +0 quarterstaff; a +0 robe Memorise Apportation, consuming 1 spell level and leaving 8?
You start memorising the spell.
You continue memorising.
You finish memorising.
Spell assigned to 'a'.
Unknown command.
Okay, then.
The air gets thick with the scent of sulphur.
Found a bloodstained altar of Trog.
A hell knight comes into view.
It is wielding a +2 halberd of flaming and
Found 18 gold pieces and a potion of agility.
Unknown command.
You feel very buoyant.
You fly up into the air.
In the distance, the volcano erupts with a roar.
You are engulfed in blazing flames.
You resist.
You are engulfed in blazing flames.
You resist.
A hell knight opens the large door.
Found 14 gold pieces and a chain mail of fire resistance.
A salamander comes into view. It is wielding a +0 trident.
Found four items.
You see here an eveningstar of flaming.
s - an eveningstar of flaming Unknown command.
A salamander comes into view. It is wielding a +1 halberd.
A hell knight opens the door.
The salamander moves out of view.
Your magical contamination has completely faded away.
You see here a plate armour of fire resistance.
The hell knight gestures at you while chanting.
The bolt of fire hits you! You resist.
* * * LOW HITPOINT WARNING * * *
You see here 24 gold pieces.
The salamander hits you from afar with a +0 trident!
* * * LOW HITPOINT WARNING * * *
You are engulfed in flames!
You resist.
* * * LOW HITPOINT WARNING * * *
Unknown command.
Okay, then.
Okay, then.
You feel yourself speed up.
The hell knight hits you from afar with a +2 halberd of flaming!
* * * LOW HITPOINT WARNING * * *
The salamander hits you from afar with a +0 trident.
You die...
Xom snickers!

##.#.$.[.#
#..'.$.!.+
##..'.._..+
#...#.....#
#...#######
#...'N..[$+
#...#pN≈..# #
#8≈≈≈8# +..@..+ §
+.....+ ≈ ≈≈#
#8...8# #§≈
≈≈§###.....###≈§≈
#≈≈≈§§.....≈§§≈≈≈
#≈≈§§8...8≈≈§§§§
###≈§.....≈≈≈≈§#
#≈≈.....≈≈≈##
##≈8...8≈≈≈#


You could see a hell knight and 2 salamanders.

Vanquished Creatures
  A salamander mystic (Volcano)
  An elephant (D:8)
  A spiny frog (shapeshifter) (Lair:1)
  A queen bee (D:9)
  A yak (D:8)
  A basilisk (D:8)
  An acid dragon (Lair:1)
  A porcupine (Lair:1)
  4 ice beasts
  A sky beast (D:5)
  2 orc warriors (D:8)
  A black bear (D:9)
  A crocodile (D:8)
  2 centaurs
  4 bullfrogs
  A gnoll sergeant (D:8)
  3 scorpions
  14 killer bees (D:9)
  5 wights (D:8)
  2 howler monkeys
  2 crimson imps (D:8)
  A centaur zombie (D:9)
  A gnoll shaman (D:4)
  4 hounds
  4 orc priests
  2 orc wizards
  A bullfrog skeleton (D:6)
  Jessica (D:2)
  5 iguanas
  Natasha (D:2)
  6 worker ants
  3 hound zombies
  2 hound skeletons
  A worker ant zombie (D:5)
  15 gnolls
  3 howler monkey skeletons
  19 adders
  3 shadow imps
  An adder skeleton (D:7)
  A dart slug (D:1)
  10 worms
  7 leopard geckos
  24 orcs
  8 bats
  3 giant cockroaches
  6 goblins
  13 hobgoblins
  10 jackals
  3 quokkas
  5 ball pythons
  7 frilled lizards
  10 kobolds
  A leopard gecko zombie (D:6)
  6 rats
237 creatures vanquished.

Vanquished Creatures (collateral kills)
  A centaur (D:9)
  A crimson imp (D:5)
2 creatures vanquished.

Vanquished Creatures (others)
  A killer bee (D:9)
  A hobgoblin (D:2)
2 creatures vanquished.

Grand Total: 241 creatures vanquished

Notes
Turn   | Place    | Note
-------+----------+-------------------------------------------
     0 | D:1      | Flugkiller the Vine Stalker Chaos Knight began the quest
                  | for the Orb.
     0 | D:1      | Reached XP level 1. HP: 11/11 MP: 2/2
    22 | D:1      | XOM: harmless Conj miscast
    34 | D:1      | XOM: butterfly on damage
   241 | D:1      | XOM: divination: detect items
   335 | D:1      | Reached XP level 2. HP: 16/16 MP: 3/3
   342 | D:1      | Reached skill level 3 in Maces & Flails
   440 | D:1      | XOM: fake destruction
   532 | D:1      | XOM: polymorph hobgoblin -> orc
   544 | D:1      | Reached XP level 3. HP: 15/20 MP: 4/4
   688 | D:1      | XOM: noise
   759 | D:1      | XOM: cloud trail
   918 | D:1      | XOM: god gift: sack of spiders
   953 | D:1      | XOM: harmless Ice miscast
   984 | D:1      | XOM: 9-stop teleportation journey
  1130 | D:2      | Noticed Natasha
  1167 | D:1      | XOM: give mutations
  1167 | D:1      | Gained mutation: You have sharp toenails. [Xom's grace]
  1167 | D:1      | Gained mutation: You are partially covered in icy blue
                  | scales. (AC +2) [Xom's grace]
  1306 | D:2      | XOM: give mutations
  1306 | D:2      | Gained mutation: Your flesh is heat resistant. (rF+) [Xom's
                  | grace]
  1306 | D:2      | Gained mutation: You are partially covered in yellow
                  | scales. (AC +2) [Xom's grace]
  1306 | D:2      | Gained mutation: You are agile. (Dex +2) [Xom's grace]
  1352 | D:2      | Noticed a scorpion
  1354 | D:2      | XOM: butterfly on damage
  1357 | D:2      | Killed a scorpion
  1357 | D:2      | Reached skill level 4 in Maces & Flails
  1357 | D:2      | Gained mutation: Your natural rate of healing is unusually
                  | fast. [Vine Stalker growth]
  1357 | D:2      | Reached XP level 4. HP: 18/24 MP: 3/5
  1393 | D:2      | Noticed Jessica
  1400 | D:2      | XOM: divination: magic mapping
  1401 | D:2      | Killed Jessica
  1401 | D:2      | Reached XP level 5. HP: 28/28 MP: 4/6
  1483 | D:2      | Reached skill level 1 in Dodging
  1511 | D:2      | Reached skill level 5 in Maces & Flails
  1572 | D:2      | Found a white marble altar of Elyvilon.
  1701 | D:2      | XOM: mild Summ miscast
  1702 | D:2      | Noticed a spatial vortex
  1722 | D:2      | XOM: medium Hex miscast
  1766 | D:2      | Killed Natasha
  1838 | D:2      | XOM: confuse monster(s)
  1991 | D:2      | XOM: medium Tmut miscast
  2182 | D:3      | Reached XP level 6. HP: 32/32 MP: 7/7
  2201 | D:3      | Noticed Ijyb
  2254 | D:3      | Noticed Ijyb
  2254 | D:3      | Ijyb changed into Ijyb the scorpion
  2262 | D:3      | Killed Ijyb the scorpion
  2262 | D:3      | Reached skill level 1 in Shields
  2586 | D:3      | XOM: mild Air miscast
  2839 | D:3      | XOM: silly message
  3090 | D:4      | Reached skill level 6 in Maces & Flails
  3090 | D:4      | Reached XP level 7. HP: 31/36 MP: 6/8
  3114 | D:4      | XOM: harmless Air miscast
  3120 | D:4      | Found a burning altar of Makhleb.
  3135 | D:4      | XOM: mild Pois miscast
  3141 | D:4      | Found a staircase to the Ecumenical Temple.
  3163 | D:4      | XOM: enchant monster (bad)
  3291 | D:4      | XOM: cast spell 'Olgreb's Toxic Radiance'
  3471 | D:4      | XOM: harmless Chrm miscast
  3492 | D:5      | Entered Level 5 of the Dungeon
  3498 | D:5      | XOM: potion effect (agility)
  3534 | D:5      | Gained mutation: You have razor-sharp teeth. [Vine Stalker
                  | growth]
  3534 | D:5      | Reached XP level 8. HP: 40/40 MP: 9/9
  3591 | D:5      | XOM: summons friendly quasit
  3673 | D:5      | Reached skill level 7 in Maces & Flails
  3775 | D:5      | Found Opeonugu's Antique Armour Shop.
  3853 | D:5      | Found Ipsafaap's Assorted Antiques.
  3865 | D:5      | Found an ornate altar of the Wu Jian Council.
  3990 | D:6      | XOM: cast spell 'Summon Mana Viper'
  4311 | D:6      | Found Suvvaa's Armour Shoppe.
  4449 | D:6      | XOM: medium Fire miscast
  4968 | D:7      | Reached skill level 8 in Maces & Flails
  5015 | D:7      | XOM: harmless Tloc miscast
  5018 | D:7      | XOM: divination: magic mapping
  5050 | D:7      | Reached XP level 9. HP: 44/44 MP: 10/10
  5190 | D:7      | Found a shadowy altar of Dithmenos.
  5352 | D:7      | XOM: god gift: book of Cantrips
  5604 | D:7      | XOM: noise
  5761 | D:8      | XOM: silly message
  5807 | D:8      | Found a staircase to the Lair.
  5808 | D:8      | Noticed an elephant
  5808 | D:8      | XOM: scenery: create altars
  5821 | D:8      | XOM: divination: detect creatures
  5833 | D:8      | Reached skill level 5 in Dodging
  5880 | D:8      | Killed an elephant
  5880 | D:8      | Reached skill level 9 in Maces & Flails
  6277 | D:8      | XOM: enchant monster (bad)
  6316 | D:8      | Reached skill level 5 in Fighting
  6424 | D:8      | XOM: give mutations
  6424 | D:8      | Gained mutation: You are partially covered in slimy green
                  | scales. (AC +2) [Xom's mischief]
  6424 | D:8      | Lost mutation: You are partially covered in icy blue
                  | scales. (AC +2) [Xom's mischief]
  6424 | D:8      | Lost mutation: You are agile. (Dex +2) [Xom's mischief]
  6424 | D:8      | Gained mutation: You have razor-sharp toenails. [Xom's
                  | mischief]
  6753 | D:9      | Reached XP level 10. HP: 51/51 MP: 11/11
  6838 | D:9      | XOM: swap monsters
  6862 | D:9      | XOM: swap monsters
  6869 | D:9      | Reached skill level 10 in Maces & Flails
  6922 | D:9      | XOM: cast spell 'Dispersal'
  6947 | D:9      | XOM: enchant monster (good)
  7057 | D:9      | Reached skill level 11 in Maces & Flails
  7076 | D:9      | Found a radiant altar of Vehumet.
  7076 | D:9      | Found a glowing silver altar of Zin.
  7077 | D:9      | Found an ornate altar of the Wu Jian Council.
  7306 | Lair:1   | Entered Level 1 of the Lair of Beasts
  7344 | Lair:1   | XOM: polymorph water moccasin -> acid dragon
  7390 | Lair:1   | Noticed Sonja
  7396 | Lair:1   | Noticed Sonja
  7396 | Lair:1   | Sonja changed into Sonja the human
  7399 | Lair:1   | XOM: smoke on damage
  7440 | Lair:1   | XOM: swap monsters
  7450 | Lair:1   | XOM: polymorph komodo dragon -> shapeshifter
  7451 | Lair:1   | Noticed a spiny frog
  7451 | Lair:1   | a shapeshifter changed into a spiny frog
  7459 | Lair:1   | XOM: fake destruction
  7463 | Lair:1   | a spiny frog changed into a jumping spider
  7463 | Lair:1   | XOM: polymorph spiny frog -> jumping spider
  7465 | Lair:1   | Noticed a spiny frog
  7465 | Lair:1   | a jumping spider changed into a spiny frog
  7471 | Lair:1   | Killed a spiny frog
  7493 | Lair:1   | Found a dark tunnel.
  7534 | Volcano  | Entered a volcano
  7550 | Volcano  | Noticed a salamander mystic
  7554 | Volcano  | XOM: butterfly on damage
  7567 | Volcano  | XOM: cast spell 'Disjunction'
  7576 | Volcano  | XOM: god gift: 2 silver javelins
  7580 | Volcano  | Killed a salamander mystic
  7590 | Volcano  | Learned a level 1 spell: Apportation
  7593 | Volcano  | Found a bloodstained altar of Trog.
  7594 | Volcano  | Noticed a hell knight
  7597 | Volcano  | Noticed a salamander
  7600 | Volcano  | Noticed a salamander
  7606 | Volcano  | HP: 1/51 [hell knight/+2 halberd of flaming (9)]
  7606 | Volcano  | Slain by a salamander

Vault maps used:
D:1:      lightli_arrival_farm
D:2:      lemuel_doored_altar, serial_curves, eino_curves_02, eino_curves_03,
          uniq_jessica, uniq_natasha
D:3:      minmay_pentangle, uniq_ijyb
D:4:      makhleb_heckhound_becter, temple_doors_cd
D:5:      first_ration, basic_altar, serial_shops, nicolae_shop_behind_doors,
          kennysheep_little_box
D:6:      serial_shops, shop
D:7:      roderic_nine_men_s_morris, hangedman_decor_peaks_small,
          grunt_dithmenos_smoke_and_mirrors
D:8:      david_lair_generic
D:9:      gammafunk_temple_overflow_claw, david_nohive_1, kennysheep_nondescript
Lair:1:   lightli_volcano_entry_magma_tube, ebering_ghost_inner_flame,
          minmay_lair_oklob_chamber, uniq_sonja
Volcano:  kennysheep_volcano_temple

Skill      XL: |  1  2  3  4  5  6  7  8  9 10 |
---------------+-------------------------------+-----
Fighting       | 3 5 |  5.0
Maces & Flails | 3 4 5 6 8 9 11 | 11.9
Dodging        | 1 2 4 5 |  5.0
Shields        | 2 3 4 |  4.0
Armour         | 2 |  2.1

Action                   |  1- 3 |  4- 6 |  7- 9 | 10-12 || total
-------------------------+-------+-------+-------+-------++-------
Melee: Mace              |    69 |   205 |   350 |   140 ||   764
       Bite              |    20 |    55 |   126 |    40 ||   241
       Kick              |     5 |    55 |   119 |    45 ||   224
Evoke: Wand              |       |       |       |     5 ||     5
       Sack of spiders   |       |       |       |     3 ||     3
  Use: Scroll            |       |       |    14 |     4 ||    18
       Potion            |       |       |       |     3 ||     3
 Stab: Sleeping          |       |     5 |     1 |     1 ||     7
       Confused          |       |     1 |     2 |       ||     3
       Paralysed         |       |     1 |       |       ||     1
  Eat: Chunk             |     1 |     6 |    12 |     3 ||    22
Armor: Leather armour    |    19 |    67 |   114 |    43 ||   243
Dodge: Dodged            |    45 |   118 |   171 |    77 ||   411
Block: Shield            |       |       |   127 |    89 ||   216

Table legend:
 A = Non-vault XP
 B = Vault XP
 C = Vault XP percentage of total XP
 D = Non-vault monster count
 E = Vault monster count
 F = Vault count percentage of total count
                 A         B        C        D         E       F
            +---------+---------+-------+---------+---------+-------
      Total |    4965 |    3200 |  39.2 |     212 |      29 |  12.0
            +---------+---------+-------+---------+---------+-------
        D:1 |      42 |       0 |   0.0 |      21 |       0 |   0.0
        D:2 |     171 |      72 |  29.6 |      30 |       2 |   6.2
        D:3 |     124 |      96 |  43.6 |      32 |       5 |  13.5
        D:4 |     404 |      42 |   9.4 |      29 |       1 |   3.3
        D:5 |     722 |       0 |   0.0 |      14 |       0 |   0.0
        D:6 |     413 |       0 |   0.0 |      18 |       0 |   0.0
        D:7 |     471 |       0 |   0.0 |      17 |       0 |   0.0
        D:8 |     948 |    1001 |  51.4 |      28 |       4 |  12.5
        D:9 |     945 |    1228 |  56.5 |      20 |      16 |  44.4
     Lair:1 |     725 |       0 |   0.0 |       3 |       0 |   0.0
    Volcano |       0 |     761 | 100.0 |       0 |       1 | 100.0
            +---------+---------+-------+---------+---------+-------
